 Dungeon Crawl Stone Soup version 0.18.1-48-g4cf74bf (webtiles) character file.

14553 WarriorsX the Carver (level 12, 0/87 HPs)
             Began as a Human Fighter on July 31, 2016.
             Was an Elder of Trog.
             Slain by a six-headed hydra (4 damage)
             ... on level 12 of the Dungeon on Aug 1, 2016.
             The game lasted 00:53:11 (14191 turns).

WarriorsX the Carver (Human Fighter)               Turns: 14191, Time: 00:53:12

Health: 0/87       AC: 20    Str: 23    XL:     12   Next: 46%
Magic:  0/21       EV:  1    Int:  8    God:    Trog [****..]
Gold:   680        SH: 10    Dex: 12    Spells: 0 memorised, 11 levels left

rFire  . . .     SeeInvis .     a - +3 long sword
rCold  . . .     Gourm    .     z - +0 plate armour
rNeg   . . .     Faith    .     c - +0 shield
rPois  .         Spirit   +     j - +0 helmet
rElec  .         Dismiss  .     (no cloak)
rCorr  .         Reflect  .     g - +0 pair of gloves
SustAt .         Harm     .     A - +1 pair of boots
MR     +....     Rnd*Rage +     s - amulet of guardian spirit
Stlth  ..........               u - ring of magical power
                                m - ring of protection from magic

@: exhausted, slowed, very slow, somewhat resistant to hostile enchantments,
extremely unstealthy
A: berserk 2, blurry vision 1, frail 1
a: Berserk, Trog's Hand, Brothers in Arms, Burn Spellbooks, Renounce Religion


You were on level 12 of the Dungeon.
You worshipped Trog.
Trog was greatly pleased with you.
You were very hungry.

You visited 1 branch of the dungeon, and saw 12 of its levels.

You collected 680 gold pieces.

Inventory:

Hand Weapons
 a - a +3 long sword (weapon)
Armour
 c - a +0 shield (worn)
 d - the +0 leather armour "Kifearam" {rElec Regen+ Dex+5}
   (You found it on level 4 of the Dungeon)

   It affects your dexterity (+5).
   It insulates you from electricity.
   It increases your rate of regeneration.
 g - a +0 pair of gloves (worn)
 j - a +0 helmet (worn)
 z - a +0 plate armour (worn)
 A - a +1 pair of boots (worn)
Jewellery
 b - an uncursed ring of stealth
 h - an uncursed ring of ice
 m - a ring of protection from magic (left hand)
 s - an amulet of guardian spirit (around neck)
 t - an uncursed amulet of faith
 u - a ring of magical power (right hand)
 x - an uncursed ring of resist corrosion
 I - an uncursed amulet of dismissal
 J - a cursed ring of loudness {unknown}
Wands
 y - a wand of acid (5/15)
 E - a wand of iceblast (8/15)
 G - a wand of disintegration (10/24)
Scrolls
 e - a scroll of teleportation
 i - 2 scrolls of fog
 o - 2 scrolls of identify
 r - 4 scrolls of remove curse
 C - a scroll of recharging
 H - a scroll of blinking
Potions
 l - a potion of berserk rage {unknown}
 n - 3 potions of might
 p - 2 potions of flight
 w - 2 potions of curing
Miscellaneous
 F - a plain deck of destruction {drawn: 2}
Comestibles
 f - 9 bread rations
 k - 3 meat rations
 q - 10 fruits
 v - 4 royal jellies
 B - 4 beef jerkies


   Skills:
 + Level 10.0 Fighting
 + Level 12.4 Long Blades
 * Level 11.2 Armour
 - Level 2.0 Dodging
 - Level 1.0 Stealth
 - Level 4.0 Shields


You had 11 spell levels left.
You didn't know any spells.

Dungeon Overview and Level Annotations

Branches:
Dungeon (12/15)            Temple (0/1) D:5            Lair (0/8) D:8
    Orc (0/2) D:10

Altars:
Elyvilon
Fedhas
Gozag
Kikubaaqudgha
Makhleb
Nemelex Xobeh
Pakellas
Qazlal
Sif Muna
Trog
Vehumet
Xom
The Shining One

Shops:
D:6 %

Annotations:
D:10 1 exclusion


Innate Abilities, Weirdness & Mutations

You often lose your temper in combat.
Scrolls take you a little longer to read.
You are frail (-10% HP).


Message History

The six-headed hydra bites you.
* * * LOW HITPOINT WARNING * * *
The six-headed hydra bites you!
* * * LOW HITPOINT WARNING * * *
You block the six-headed hydra's attack. x2
The six-headed hydra bites you!
* * * LOW HITPOINT WARNING * * *
The six-headed hydra bites you but does no damage.
You feel a strong urge to attack something.
You feel your anger subside.
You are no longer berserk.
You are exhausted.
You feel yourself slow down.
You are feeling very hungry.
An orc warrior comes into view. It is wielding a hand axe of venom.
The orc warrior moves out of view.
There is a stone staircase leading up here.
You block the six-headed hydra's attack.
The six-headed hydra bites you but does no damage.
The six-headed hydra bites you.
You die...

.......[#....# ..
........#....#........
..##....#....#.......
'###....#....o.......
........#....#.....#
........#....#.....##
....(...#....#......#
#'##'####....#......#
....)........#..@...#
.............'..D...#
.......(.....#.....)#
.............#......#
##############......#
................#
................#
................#
................#


You could see a six-headed hydra and an orc warrior.

Vanquished Creatures
  Josephine (D:11)
  The ghost of Heedrag the Destroyer, a journeyman DECj of Vehumet (D:11)
  The ghost of Heedrag the Destroyer, a novice DsWz of Vehumet (D:10)
  Sonja (D:12)
  3 hill giants
  An unseen horror (D:10)
  Psyche (D:8)
  2 gargoyles
  A two-headed ogre (D:8)
  5 wraiths
  8 yaks
  2 steam dragons (D:9)
  A water moccasin (D:9)
  An orc warrior (D:10)
  2 sky beasts
  10 ice beasts
  4 ogres
  A phantom (D:6)
  2 necrophages (D:9)
  5 centaurs
  A crocodile (D:9)
  4 big kobolds
  A gnoll sergeant (D:11)
  9 giant frogs
  2 water moccasin zombies
  A wyvern skeleton (D:12)
  6 scorpions
  A water moccasin skeleton (D:7)
  A killer bee (D:10)
  A troll skeleton (D:10)
  2 vampire bats (D:2)
  6 wights
  A spriggan skeleton (D:10)
  9 crimson imps
  2 giant frog zombies
  5 jellies
  2 hounds
  2 giant frog skeletons
  11 orc priests
  10 orc wizards
  6 centaur skeletons
  4 iguanas
  9 worker ants
  2 hound skeletons (D:9)
  A worker ant zombie (D:10)
  12 gnolls
  16 adders
  2 shadow imps
  An ooze (D:5)
  An adder zombie (D:7)
  An adder skeleton (D:4)
  2 worms
  4 dart slugs
  6 giant geckos
  28 orcs
  A ball python (D:2)
  6 bats
  3 bat skeletons (D:2)
  A bat zombie (D:2)
  6 giant cockroaches
  3 goblins
  10 hobgoblins
  11 jackals
  23 kobolds
  3 quokkas
  2 giant gecko zombies
  3 giant newts
  7 rats
  A plant (D:1)
305 creatures vanquished.

Vanquished Creatures (others)
  A jelly (D:4)
1 creature vanquished.

Grand Total: 306 creatures vanquished

Notes
Turn   | Place    | Note
--------------------------------------------------------------
     0 | D:1      | WarriorsX the Human Fighter began the quest for the Orb.
     0 | D:1      | Reached XP level 1. HP: 18/18 MP: 1/1
   177 | D:1      | Reached XP level 2. HP: 9/24 MP: 2/2
   678 | D:1      | Reached XP level 3. HP: 29/29 MP: 3/3
  1154 | D:2      | Found a glowing golden altar of the Shining One.
  1420 | D:2      | Reached XP level 4. HP: 35/35 MP: 4/4
  1426 | D:2      | Found an ancient bone altar of Kikubaaqudgha.
  1431 | D:2      | Reached skill level 1 in Dodging
  1434 | D:2      | Reached skill level 3 in Long Blades
  1434 | D:2      | Reached XP level 5. HP: 39/41 MP: 5/5
  1557 | D:2      | Found a bloodstained altar of Trog.
  1569 | D:2      | Became a worshipper of Trog the Wrathful
  1685 | D:2      | Reached XP level 6. HP: 21/47 MP: 6/6
  1944 | D:2      | Reached * piety under Trog
  2569 | D:3      | Found a sparkling altar of Nemelex Xobeh.
  2569 | D:3      | Found an opulent altar of Gozag.
  2648 | D:3      | Found a blossoming altar of Fedhas.
  2649 | D:3      | Found a radiant altar of Vehumet.
  2954 | D:3      | Found an opulent altar of Gozag.
  3234 | D:4      | Noticed an ogre
  3240 | D:4      | Killed an ogre
  3240 | D:4      | Reached skill level 4 in Long Blades
  3265 | D:4      | Reached XP level 7. HP: 37/53 MP: 5/7
  4000 | D:4      | Got a transparent leather armour
  4006 | D:4      | Identified the +0 leather armour "Kifearam" {rElec Regen+ Dex+5} (You found it on level 4 of the Dungeon)
  4010 | D:4      | Gained mutation: Armour fits poorly on your strangely shaped body. [potion of mutation]
  4010 | D:4      | Gained mutation: Your mind is acute. (Int +2) [potion of mutation]
  4010 | D:4      | Gained mutation: Your system is resistant to poisons. [potion of mutation]
  4295 | D:4      | Reached skill level 5 in Long Blades
  4382 | D:4      | Found an oddly glowing altar of Pakellas.
  4382 | D:4      | Noticed an orange crystal statue
  4442 | D:5      | Entered Level 5 of the Dungeon
  4469 | D:5      | Found a staircase to the Ecumenical Temple.
  4791 | D:5      | Reached skill level 5 in Armour
  5200 | D:5      | Gained mutation: You are partially covered in thin metallic scales (AC +2). [potion of beneficial mutation]
  5259 | D:5      | Found an ancient bone altar of Kikubaaqudgha.
  5473 | D:6      | Reached XP level 8. HP: 43/61 MP: 4/8
  5650 | D:6      | Reached skill level 6 in Long Blades
  5904 | D:6      | Found a white marble altar of Elyvilon.
  5987 | D:6      | Reached ** piety under Trog
  6003 | D:6      | Found Huoham's Food Emporium.
  6706 | D:7      | Reached skill level 7 in Long Blades
  6848 | D:7      | Reached skill level 5 in Fighting
  6897 | D:7      | Reached XP level 9. HP: 68/68 MP: 9/9
  6909 | D:7      | Reached skill level 1 in Stealth
  7316 | D:7      | Reached skill level 8 in Long Blades
  7845 | D:8      | Found a staircase to the Lair.
  7940 | D:8      | Reached *** piety under Trog
  7951 | D:8      | Found a shimmering altar of Xom.
  7988 | D:8      | Reached skill level 9 in Long Blades
  8140 | D:8      | Noticed Psyche
  8318 | D:8      | Reached XP level 10. HP: 79/79 MP: 8/10
  8470 | D:8      | Lost mutation: Your system is resistant to poisons. [potion of cure mutation]
  8470 | D:8      | Lost mutation: You are partially covered in thin metallic scales (AC +2). [potion of cure mutation]
  8470 | D:8      | Lost mutation: Your mind is acute. (Int +2) [potion of cure mutation]
  8470 | D:8      | Lost mutation: Armour fits poorly on your strangely shaped body. [potion of cure mutation]
  8497 | D:8      | Reached skill level 10 in Long Blades
  8501 | D:8      | Gained mutation: You tend to lose your temper in combat. [mutagenic meat]
  8502 | D:8      | Gained mutation: Scrolls take you a little longer to read. [mutagenic meat]
  8503 | D:8      | Gained mutation: You are frail (-10% HP). [mutagenic meat]
  8504 | D:8      | Gained mutation: You often lose your temper in combat. [mutagenic meat]
  8635 | D:8      | Killed Psyche
  8809 | D:8      | Found a deep blue altar of Sif Muna.
  9189 | D:9      | Reached **** piety under Trog
  9467 | D:9      | Reached skill level 11 in Long Blades
  9584 | D:9      | Reached XP level 11. HP: 72/78 MP: 6/11
  9746 | D:9      | Found a burning altar of Makhleb.
 10007 | D:10     | Entered Level 10 of the Dungeon
 10404 | D:10     | Found a staircase to the Orcish Mines.
 10601 | D:10     | Found a stormy altar of Qazlal.
 10673 | D:10     | Noticed Heedrag's ghost (novice DsWz)
 10689 | D:10     | Killed Heedrag's ghost
 10827 | D:10     | Killed an unseen horror
 11152 | D:10     | Reached ***** piety under Trog
 11988 | D:11     | Noticed a hill giant
 11988 | D:11     | Noticed Heedrag's ghost (journeyman DECj)
 12176 | D:11     | Killed a hill giant
 12515 | D:11     | Noticed a hill giant
 12523 | D:11     | Killed a hill giant
 12524 | D:11     | Noticed Josephine
 12543 | D:11     | Killed Josephine
 12543 | D:11     | Reached skill level 12 in Long Blades
 12543 | D:11     | Reached skill level 10 in Armour
 12543 | D:11     | Reached XP level 12. HP: 55/87 MP: 12/12
 13124 | D:11     | Killed Heedrag's ghost
 13557 | D:12     | Noticed Sonja
 13565 | D:12     | Killed Sonja
 13565 | D:12     | Reached skill level 10 in Fighting
 14159 | D:12     | Noticed a five-headed hydra
 14186 | D:12     | HP: 3/130 [six-headed hydra (7)]
 14191 | D:12     | Slain by a six-headed hydra

Skill      XL: |  1  2  3  4  5  6  7  8  9 10 11 12 |
---------------+-------------------------------------+-----
Dodging        | 1 2 |  2.0
Long Blades    | 3 4 5 7 9 11 12 | 12.4
Armour         | 4 5 6 7 10 11 | 11.2
Shields        | 4 |  4.0
Fighting       | 4 5 7 8 9 10 | 10.0
Stealth        | 1 |  1.0

Action                   |  1- 3 |  4- 6 |  7- 9 | 10-12 || total
-------------------------+-------+-------+-------+-------++-------
Melee: Long sword        |   139 |   167 |   595 |   806 ||  1707
Invok: Berserk           |       |       |     6 |    10 ||    16
       Burn Spellbooks   |       |       |     1 |     2 ||     3
       Trog's Hand       |       |       |       |     2 ||     2
Evoke: Wand              |       |       |     1 |     4 ||     5
       Deck              |       |       |       |     2 ||     2
  Use: Scroll            |       |       |    13 |     7 ||    20
       Potion            |       |       |    10 |     1 ||    11
  Eat: Chunk             |     2 |     5 |    23 |    31 ||    61
       Pizza             |       |       |       |     1 ||     1
       Fruit             |       |       |       |    10 ||    10
Armor: Scale mail        |    69 |    62 |       |       ||   131
       Plate armour      |       |    18 |   274 |   664 ||   956
Dodge: Dodged            |    45 |    63 |    64 |   139 ||   311
Block: Shield            |    56 |    87 |   247 |   337 ||   727
